 Dungeon Crawl Stone Soup version 0.28-a0-932-g843f935a50 (webtiles) character file.

Game seed: 10574336633411968159

253 ytrimaz the Skirmisher (level 5, -2/42 HPs)
             Began as a Demonspawn Fighter on Nov 28, 2021.
             Succumbed to Ijyb's poison
             ... on level 4 of the Dungeon.
             The game lasted 00:03:44 (3262 turns).

ytrimaz the Skirmisher (Demonspawn Fighter)         Turns: 3262, Time: 00:03:45

Health: -2/42      AC: 14    Str: 18    XL:     5   Next: 90%
Magic:  5/5        EV: 13    Int:  9    God:
Gold:   178        SH:  4    Dex: 12    Spells: 4/4 levels left

rFire   . . .      SeeInvis +   a - +1 war axe
rCold   . . .      Faith    .   c - +0 buckler
rNeg    . . .      Spirit   .   b - +0 scale mail
rPois   .          Reflect  .   (no helmet)
rElec   .          Harm     .   (no cloak)
rCorr   .          Rampage  .   (no gloves)
Will    .....                   j - +0 pair of boots
Stlth   ..........              (no amulet)
HPRegen 0.14/turn               g - +4 ring of protection
MPRegen 0.09/turn               m - +4 ring of evasion

@: mighty, lethally poisoned (-2 -> -13), flying
A: slimy green scales 1, foul stench 1, talons 1, see invisible
a: no special abilities


You were on level 4 of the Dungeon.
You visited 1 branch of the dungeon, and saw 4 of its levels.

You collected 178 gold pieces.

Inventory:

Hand Weapons
 a - a +1 war axe (weapon)
Missiles
 e - 2 boomerangs (quivered)
Armour
 b - a +0 scale mail (worn)
 c - a +0 buckler (worn)
 j - a +0 pair of boots (worn)
Jewellery
 g - a +4 ring of protection (left hand)
 m - a +4 ring of evasion (right hand)
Wands
 n - a wand of mindburst (13)
Scrolls
 f - a scroll of torment
 i - a scroll of teleportation
 l - a scroll of magic mapping
 o - a scroll of summoning {unknown}
Potions
 d - a potion of might


   Skills:
 * Level 3.9 Fighting
 + Level 3.6 Axes
 * Level 3.6 Armour
 * Level 0.9 Dodging
 * Level 3.5 Shields


You had 4 spell levels left.
You didn't know any spells.
Your spell library was empty.

Dungeon Overview and Level Annotations

Branches:
Dungeon (4/15)
 Temple: D:4-7

Altars:
Dithmenos
Qazlal
Zin

Annotations:
D:4 Ijyb


Innate Abilities, Weirdness & Mutations

You are partially covered in slimy green scales. (AC +2)
You may rarely emit foul miasma when damaged in melee.
You have sharp toenails.
You have supernaturally acute eyesight. (SInv)


Message History

The quokka twitches its whiskers.
Ijyb misses you. You block Ijyb's attack.
You barely miss Ijyb.
Ijyb is moderately wounded.
You feel sick.
Ijyb zaps a wand.
The bolt of acid misses you.
You barely miss Ijyb.
Ijyb is moderately wounded.
You feel sick. Ijyb barely misses you.
Unknown command.
You closely miss Ijyb.
Ijyb is moderately wounded.
You feel sick.
You are no longer poisoned.
Ijyb hits you but does no damage.
You are poisoned.
You block Ijyb's attack.
You barely miss Ijyb.
Ijyb is moderately wounded.
You feel very sick. Ijyb barely misses you.
Unknown command.
It was a potion of flight.
You feel very buoyant.
You fly up into the air.
You feel sick. Ijyb hits you but does no damage.
You are lethally poisoned!
It was a potion of mutation.
You feel extremely strange.
Your toenails lengthen and sharpen.
Your vision sharpens.
* * * LOW HITPOINT WARNING * * *
You feel very sick. Ijyb hits you but does no damage.
You are more poisoned.
Unknown command.
You slash Ijyb!
Ijyb is severely wounded.
* * * LOW HITPOINT WARNING * * *
You feel very sick. Ijyb hits you but does no damage.
You hit Ijyb but do no damage.
Ijyb is severely wounded.
You die...

♣♣♣...................... P
♣♣#....................
P♣♣.♣...#######..........
.PP........# ##.[.#...###
...P.#.....# #....#...# #########
♣...♣#.....###..♣♣♣♣♣♣♣♣♣........
♣.♣♣...†.........................
♣♣♣.............♣♣♣♣♣♣♣♣♣........
#.............@gr..........####
###.........#...###........###
............#...# #........#
............#...# #........#
.........####...# #........#
.........# #...# #........#
.........# ##### #........#
.........# #........# .........#
#########


You could see Ijyb and a quokka.

Vanquished Creatures
  A scorpion (D:4)
  2 hounds
  2 hound skeletons (D:4)
  A gnoll (D:3)
  An adder (D:3)
  A worm (D:3)
  A dart slug (D:1)
  4 orcs (D:4)
  6 ball pythons
  5 bats
  8 endoplasms
  8 giant cockroaches
  6 goblins
  4 hobgoblins
  11 jackals
  2 quokkas (D:1)
  3 kobolds
  7 rats
73 creatures vanquished.

Vanquished Creatures (others)
  A plant (D:4)
1 creature vanquished.

Grand Total: 74 creatures vanquished

Notes
Turn   | Place    | Note
-------+----------+-------------------------------------------
     0 | D:1      | ytrimaz the Demonspawn Fighter began the quest for the Orb.
     0 | D:1      | Reached XP level 1. HP: 18/18 MP: 1/1
   176 | D:1      | Gained mutation: You are partially covered in slimy green
                  | scales. (AC +2) [demonic ancestry]
   176 | D:1      | Reached XP level 2. HP: 20/24 MP: 2/2
   405 | D:1      | Reached XP level 3. HP: 22/29 MP: 3/3
  1866 | D:3      | Found a stormy altar of Qazlal.
  1963 | D:3      | Reached XP level 4. HP: 31/35 MP: 4/4
  2002 | D:3      | Found a shadowy altar of Dithmenos.
  2138 | D:3      | Found a faded altar of an unknown god.
  2984 | D:4      | Gained mutation: You may rarely emit foul miasma when
                  | damaged in melee. [demonic ancestry]
  2984 | D:4      | Reached XP level 5. HP: 42/42 MP: 5/5
  3222 | D:4      | Noticed Ijyb
  3260 | D:4      | Gained mutation: You have sharp toenails. [potion of
                  | mutation]
  3260 | D:4      | Gained mutation: You have supernaturally acute eyesight.
                  | (SInv) [potion of mutation]
  3261 | D:4      | HP: 1/42 [poisoned by Ijyb]
  3262 | D:4      | Succumbed to Ijyb's poison

Illustrated notes

Levels and vault maps discovered:
D:1:      lightli_arrival_boilingwater, layout_loops_ring,
          kennysheep_minor_cross, nicolae_concentric_dashed_squares_wild,
          st_stairs_8, serial_bayou_crossing
D:2:      layout_basic
D:3:      layout_basic, zin_statuary, grunt_qazlal_sundering,
          grunt_dithmenos_smoke, basic_ecumenical_altar, chequers_jeans
D:4:      layout_basic, lemuel_zombie_altar_kikubaaqudgha, serial_forest,
          infiniplex_forest_join, infiniplex_forest_straight_3,
          infiniplex_forest_clump_double, infiniplex_forest_clump_tiny,
          infiniplex_forest_join, infiniplex_forest_clump_diagonal,
          infiniplex_forest_end_2, uniq_ijyb

Skill      XL: |  1  2  3  4 |
---------------+-------------+-----
Axes           | 2 3 |  3.6
Armour         | 3 |  3.6
Shields        | 3 |  3.5
Fighting       | |  3.9
Dodging        | |  0.9

Action                   |  1- 3 |  4- 6 || total
-------------------------+-------+-------++-------
Melee: War axe           |    89 |    93 ||   182
Throw: Boomerang         |     3 |       ||     3
  Use: Scroll            |     6 |     1 ||     7
       Potion            |       |     4 ||     4
Armor: Scale mail        |    61 |    56 ||   117
Dodge: Dodged            |    49 |    78 ||   127
Block: Buckler           |    26 |    28 ||    54

Table legend: (Time is in decaauts)
 A = Elapsed time spent in this place.
 B = Non-inter-level travel time spent in this place.
 C = Inter-level travel time spent in this place.
 D = Time resting spent in this place.
 E = Time spent auto-exploring this place.
 F = Levels seen in this place.
 G = Mean time per level.
                   A        B        C        D        E       F      G
               +--------+--------+--------+--------+--------+-----+--------+
         Total |   3342 |   3256 |     86 |      0 |   2653 |   4 |  835.5 |
       Dungeon |   3342 |   3256 |     86 |      0 |   2653 |   4 |  835.5 |
               +--------+--------+--------+--------+--------+-----+--------+

Top non-repeatable levels by time:
     D:3: 1065 daAuts
     D:1: 1054 daAuts
     D:2: 852 daAuts
     D:4: 370 daAuts
